 Dungeon Crawl Stone Soup version 0.30.0-15-g856e2d3f33 (webtiles) character file.

Game seed: 3893144952210660921

492 MacCMillion the Cleaver (level 7, 0/57 HPs)
             Began as a Hill Orc Fighter on May 19, 2023.
             Slain by a black bear (5 damage)
             ... on level 6 of the Dungeon.
             The game lasted 00:03:13 (2878 turns).

MacCMillion the Cleaver (Hill Orc Fighter)          Turns: 2878, Time: 00:03:13

Health: 0/57       AC:  9    Str: 21    XL:     7   Next: 14%
Magic:  7/7        EV:  9    Int:  8    God:
Gold:   108        SH:  4    Dex: 10    Spells: 6/6 levels left

rFire   . . .        a - +0 war axe
rCold   . . .        c - +0 buckler
rNeg    . . .        b - +0 scale mail
rPois   .            o - +1 hat
rElec   .            w - +0 cloak
rCorr   .            (no gloves)
SInv    .            (no boots)
Will    .....        (no amulet) Stlth
                     (no ring)
HPRegen 0.29/turn    (no ring)
MPRegen 0.10/turn

%: no passive effects
@: no status effects
A: no striking features
a: no special abilities


You were on level 6 of the Dungeon.
You visited 1 branch of the dungeon, and saw 5 of its levels.

You collected 108 gold pieces.

Inventory:

Hand Weapons
 a - a +0 war axe (weapon)
Armour
 b - a +0 scale mail (worn)
 c - a +0 buckler (worn)
 o - a +1 hat (worn)
 w - a +0 cloak (worn)
Jewellery
 h - a ring of fire
 l - an amulet of the acrobat
 p - a +4 ring of protection
Scrolls
 e - 5 scrolls of identify {unknown}
 f - 8 scrolls of teleportation {unknown}
 i - 2 scrolls of poison {unknown}
 k - a scroll of noise {unknown}
 q - a scroll of immolation {unknown}
 r - a scroll of fear {unknown}
 u - a scroll of fog {unknown}
Potions
 d - 2 potions of might
 g - a potion of curing {unknown}
 j - 2 potions of resistance {unknown}
 m - 2 potions of attraction {unknown}
 n - 3 potions of flight {unknown}
 s - a potion of cancellation {unknown}
 t - a potion of lignification {unknown}
 v - a potion of brilliance {unknown}


   Skills:
 - Level 3.6 Fighting
 + Level 9.3 Axes
 - Level 3.7 Armour
 - Level 4.0 Shields


You had 6 spell levels left.
You didn't know any spells.
Your spell library contained the following spells:

 Spells                   Type           Power      Damage    Failure   Level
 Shock                    Conj/Air       0%         1d3       80%         1
 Swiftness                Air            0%         N/A       99%         3
 Airstrike                Air            0%         2d(0-16)  100%        4
 Olgreb's Toxic Radiance  Pois           0%         N/A       100%        4
 Borgnjor's Revivificati  Necr           0%         N/A       100%        8
 Discord                  Hex            0%         N/A       100%        8
 Ignition                 Fire           0%         3d3       100%        8
 Necromutation            Tmut/Necr      0%         N/A       100%        8
 Death's Door             Necr           0%         N/A       100%        9


Dungeon Overview and Level Annotations

Branches:
Dungeon (6/15)
 Temple: D:4-7

Altars:

Annotations:
D:5 Sigmund
D:6 Menkaure


Message History

You closely miss the black bear.
The black bear is heavily wounded.
The black bear bites you but does no damage.
The black bear barely misses you. The black bear closely misses you.
You closely miss Menkaure.
You hit the black bear but do no damage.
The black bear bites you.
The black bear claws you but does no damage.
The black bear closely misses you. Menkaure barely misses you.
You hit Menkaure.
Menkaure is lightly damaged.
You hit the black bear. The black bear barely misses you.
The black bear claws you but does no damage.
You block the black bear's attack. Menkaure hits you.
You hit Menkaure.
Menkaure is lightly damaged.
You hit the black bear. The black bear bites you. The black bear claws you.
The black bear closely misses you.
You slash Menkaure!
Menkaure is almost destroyed.
You hit the black bear.
The black bear goes berserk!
Menkaure gestures wildly while chanting.
Menkaure seems to speed up.
You hit Menkaure.
Menkaure is almost destroyed.
You closely miss the black bear. The black bear barely misses you.
The black bear claws you but does no damage.
The black bear barely misses you.
Menkaure gestures at you while chanting.
You struggle to resist.
The black bear bites you!
* * * LOW HITPOINT WARNING * * *
The black bear barely misses you.
The black bear claws you but does no damage.
Menkaure hits you!
* * * LOW HITPOINT WARNING * * *
You barely miss Menkaure.
Menkaure is almost destroyed.
You slash the black bear! The black bear misses you.
You block the black bear's attack. The black bear claws you.
You die...

#
##.).........#
#<รท..........
#.[..........
#............
#...........#
#..........#
##.#.##?#(##
#.####....#.#
#
......h@....#
.#####M...###
#.#..##
..###.. ###
.### #


You could see a black bear (berserk) and Menkaure (fast).

Vanquished Creatures
  Grinder (D:3)
  Blork the orc (D:6)
  2 hounds (D:6)
  2 iguanas
  6 adders
  A white imp (D:6)
  2 worms
  5 orcs
  7 endoplasms
  A giant cockroach (D:2)
  7 goblins
  3 hobgoblins
  5 kobolds
  3 quokkas
  8 ball pythons
  5 bats
  2 frilled lizards
  3 rats
64 creatures vanquished.

Notes
Turn   | Place    | Note
-------+----------+-------------------------------------------
     0 | D:1      | MacCMillion the Hill Orc Fighter began the quest for the
                  | Orb.
     0 | D:1      | Reached XP level 1. HP: 19/19 MP: 1/1
    86 | D:1      | Reached skill level 3 in Axes
   181 | D:1      | Reached XP level 2. HP: 26/26 MP: 2/2
   622 | D:2      | Reached XP level 3. HP: 23/31 MP: 3/3
  1030 | D:2      | Reached skill level 4 in Axes
  1081 | D:2      | Reached XP level 4. HP: 39/39 MP: 4/4
  1512 | D:3      | Noticed Grinder
  1519 | D:3      | Paralysed by Grinder for 5 turns
  1527 | D:3      | Paralysed by Grinder for 2 turns
  1752 | D:3      | Paralysed by Grinder for 2 turns
  1755 | D:3      | Killed Grinder
  1756 | D:3      | Reached skill level 7 in Axes
  1756 | D:3      | Reached XP level 5. HP: 24/45 MP: 5/5
  1756 | D:3      | Reached XP level 6. HP: 27/51 MP: 6/6
  2077 | D:3      | You fall into a shaft and drop 3 floors!
  2110 | D:6      | Reached skill level 8 in Axes
  2166 | D:6      | Noticed an ice beast
  2311 | D:6      | Noticed Blork the orc
  2328 | D:6      | Killed Blork the orc
  2533 | D:5      | Entered Level 5 of the Dungeon
  2538 | D:5      | Reached skill level 9 in Axes
  2538 | D:5      | Reached XP level 7. HP: 57/57 MP: 7/7
  2559 | D:5      | Noticed Sigmund
  2870 | D:6      | Noticed Menkaure
  2878 | D:6      | Slain by a black bear

Illustrated notes

Levels and vault maps discovered:
D:1:      saegor_arrival_simple_e, layout_rooms
D:2:      layout_basic, grunt_ministairs_15
D:3:      layout_rooms, uniq_grinder, uniq_ijyb
D:5:      nicolae_cairo_tiling_large_dashed, layout_basic,
          general_overflow_altar, uniq_sigmund
D:6:      layout_loops_ring, uniq_menkaure, uniq_blork_the_orc

Skill      XL: |  1  2  3  4  5  6 |
---------------+-------------------+-----
Axes           | 3 4 7 9 |  9.3
Shields        | 4 |  4.0
Fighting       | |  3.6
Armour         | |  3.7

Action                     |  1- 3 |  4- 6 |  7- 9 || total
---------------------------+-------+-------+-------++-------
  Melee: War axe           |    79 |   118 |    39 ||   236
 Armour: Scale mail        |    42 |    58 |    34 ||   134
  Dodge: Dodged            |    32 |    52 |    29 ||   113
  Block: Buckler           |    19 |    22 |    13 ||    54
